 Dungeon Crawl Stone Soup version 0.19.5 (webtiles) character file.

8320 BugsBunnySan the Gouger (level 11, -1/48 HPs)
             Began as a Felid Berserker on Apr 7, 2017.
             Was a High Priest of Trog.
             Slain by send's ghost (3 damage)
             ... on level 1 of the Orcish Mines.
             The game lasted 00:25:24 (14119 turns).

BugsBunnySan the Gouger (Felid Berserker)          Turns: 14119, Time: 00:25:26

Health: -1/48      AC:  5    Str: 13    XL:     11   Next: 8%
Magic:  12/12      EV: 27    Int: 10    God:    Trog [*****.]
Gold:   144        SH:  0    Dex: 18    Spells: 0 memorised, 10 levels left
                                        Lives:  0   Deaths: 3

rFire  . . .     SeeInvis +       - Unarmed
rCold  . . .     Gourm    .     (armour unavailable)
rNeg   . . .     Faith    .     (shield unavailable)
rPois  +         Spirit   .     (helmet unavailable)
rElec  .         Reflect  .     (cloak unavailable)
rCorr  .         Harm     .     (gloves unavailable)
MR     +++..                    (boots unavailable)
Stlth  ++++++....               (no amulet)
                                y - ring of poison resistance
                                c - +3 ring of protection

@: exhausted, regenerating, slowed, slow
A: no armour, no weapons or thrown items, stealth, antennae 1, claws 1, fangs 3,
see invisible, carnivore 3, speed 1, shaggy fur 2, slow metabolism 1, sharp paws
a: Berserk, Trog's Hand, Brothers in Arms, Burn Spellbooks, Renounce Religion


You were on level 1 of the Orcish Mines.
You worshipped Trog.
Trog was extremely pleased with you.
You were very full.

You visited 3 branches of the dungeon, and saw 12 of its levels.

You collected 569 gold pieces.
You spent 425 gold pieces at shops.

Inventory:

Jewellery
 c - a +3 ring of protection (left paw)
 l - an uncursed ring of ice
 m - an uncursed ring of ice
 t - an uncursed ring of flight
 y - a ring of poison resistance (right paw)
 E - an uncursed ring of fire
 N - a +2 ring of strength
Wands
 I - a wand of teleportation (4/9)
 K - a wand of iceblast (9/15)
Scrolls
 b - 2 scrolls of blinking {unknown}
 e - 3 scrolls of random uselessness {unknown}
 f - 2 scrolls of amnesia {unknown}
 h - 2 scrolls of enchant weapon {unknown}
 i - 2 scrolls of magic mapping {unknown}
 j - a scroll of vulnerability {unknown}
 k - 7 scrolls of teleportation
 o - 5 scrolls of immolation
 q - 3 scrolls of remove curse
 v - 3 scrolls of fog
 B - 2 scrolls of noise
 C - 2 scrolls of recharging
 D - a scroll of acquirement {unknown}
 G - a scroll of summoning {unknown}
 H - a scroll of holy word {unknown}
 J - a scroll of silence
 L - a scroll of identify
 M - a scroll of fear
Potions
 n - a potion of curing
 p - a potion of heal wounds
 r - 4 potions of might
 s - a potion of resistance
 w - a potion of lignification
 x - a potion of haste
 z - a potion of brilliance
 A - a potion of cancellation
 F - 4 potions of flight
Books
 d - a book of Misfortune

   Spells                             Type                      Level
   a - Confusing Touch                Hexes                        1
   b - Confuse                        Hexes                        3
   c - Gell's Gravitas                Hexes/Translocation          3
   d - Petrify                        Transmutation/Earth          4
   e - Metabolic Englaciation         Hexes/Ice                    5
   f - Yara's Violent Unravelling     Hexes/Transmutation          5
   Trog disapproves of the use of such an item.
 P - a book of Debilitation

   Spells                             Type                      Level
   a - Corona                         Hexes                        1
   b - Slow                           Hexes                        2
   c - Gell's Gravitas                Hexes/Translocation          3
   d - Inner Flame                    Hexes/Fire                   3
   e - Cause Fear                     Hexes                        4
   f - Leda's Liquefaction            Hexes/Earth                  4
   Trog disapproves of the use of such an item.
Comestibles
 a - 8 meat rations
 g - 8 slices of pizza
 u - 2 beef jerkies
 O - 2 chunks of flesh


   Skills:
 + Level 5.4 Fighting
 + Level 10.9 Dodging
 + Level 11.9 Stealth
 + Level 14.1 Unarmed Combat


You had 10 spell levels left.
You didn't know any spells.

Dungeon Overview and Level Annotations

Branches:
Dungeon (10/15)            Temple (1/1) D:6             Orc (1/2) D:10
   Lair: D:8-11

Altars:
Ashenzari
Cheibriados
Dithmenos
Elyvilon
Fedhas
Gozag
Hepliaklqana
Kikubaaqudgha
Makhleb
Nemelex Xobeh
Okawaru
Qazlal
Ru
Sif Muna
Trog
Uskayaw
Vehumet
Xom
Yredelemnul
Zin
The Shining One
Beogh
Lugonu

Shops:
D:4 =?((!   D:7 =

Portals:
Trove: D:10 (give 14 scrolls of teleportation)

Annotations:
Orc:1 send's ghost, journeyman HOBe


Innate Abilities, Weirdness & Mutations

You cannot wear armour.
You are incapable of wielding weapons or throwing items.
Your paws allow you to move quietly. (Stealth)
You have sharp claws.
You have razor-sharp teeth.
You have supernaturally acute eyesight. (SInv)
You are carnivorous and can eat meat at any time.
You cover ground quickly.
You are covered in thick fur. (AC +2)
You have a slow metabolism.
Your sharp claws are effective at attacking unaware monsters.
You have a pair of small antennae on your head.


Message History

You barely miss send's ghost.
Send's ghost is severely damaged.
You claw send's ghost!
Send's ghost is almost destroyed.
Send's ghost hits you!
* * * LOW HITPOINT WARNING * * *
Send's ghost burns you!
* * * LOW HITPOINT WARNING * * *
You scratch send's ghost but do no damage.
Send's ghost is almost destroyed.
You are no longer berserk.
You are exhausted.
You feel yourself slow down.
You closely miss send's ghost. Your claw misses send's ghost.
Send's ghost is almost destroyed.
You feel the effects of Trog's Hand fading.
Send's ghost hits you!
* * * LOW HITPOINT WARNING * * *
Send's ghost burns you.
You die...

##....####......##
........##.(.....#
#............##.
#.....###....$..
###...# ##.....$.
.###..$####.......
$........#......_..
......#............
....#.#...@.##...
...####....W..# #..
#........# ##
.....###...#
.....### .....
###.. ...# #.. .#.
#. ##


You could see send's ghost.

Vanquished Creatures
  Erolcha (D:9)
  A hydra (D:8)
  The ghost of letownia the Fighter, a novice MiHu (D:7)
  A hill giant (D:10)
  The ghost of Goboxel the Gusty, a novice HEAE (D:6)
  2 centaur skeletons (D:10)
  2 trolls (D:10)
  2 two-headed ogres (D:9)
  Grinder (D:6)
  2 hippogriffs
  3 slime creatures (D:10)
  2 dream sheep (D:8)
  11 yaks
  3 hungry ghosts
  Duvessa (D:5)
  Edmund (D:6)
  3 orc warriors
  2 phantoms
  A necrophage (D:10)
  4 ice beasts
  A sky beast (D:7)
  A black bear (D:8)
  2 ogres
  7 centaurs
  4 big kobolds
  11 bullfrogs
  Dowan (D:5)
  A troll zombie (D:10)
  5 scorpions
  7 killer bees (D:10)
  4 wights (D:8)
  An electric eel (D:9)
  2 howler monkeys (D:10)
  5 crimson imps
  A centaur zombie (D:10)
  A quasit (D:8)
  4 hounds
  8 orc priests
  Crazy Yiuf (D:2)
  2 jellies
  15 orc wizards
  4 bullfrog skeletons
  6 worker ants
  Jessica (D:3)
  Natasha (thrice) (D:2)
  Ijyb (D:2)
  Terence (D:3)
  7 ogre zombies (D:10)
  A hound zombie (D:8)
  3 worker ant zombies
  Robin (D:2)
  14 adders
  2 shadow imps
  3 oozes
  2 adder skeletons
  2 worms
  A dart slug (D:3)
  5 leopard geckos
  42 orcs
  8 bats
  7 giant cockroaches
  22 goblins
  5 hobgoblins
  11 jackals
  8 kobolds
  4 quokkas
  3 ball pythons
  9 frilled lizards
  4 goblin zombies (D:10)
  A hobgoblin skeleton (D:10)
  5 hobgoblin zombies (D:10)
  A leopard gecko zombie (D:9)
  2 orc skeletons (D:10)
  13 orc zombies (D:10)
  A quokka skeleton (D:5)
  A quokka zombie (D:7)
  7 rats
340 creatures vanquished.

Notes
Turn   | Place    | Note
-------+----------+-------------------------------------------
     0 | D:1      | BugsBunnySan the Felid Berserker began the quest for the Orb.
     0 | D:1      | Reached XP level 1. HP: 10/10 MP: 2/2
   246 | D:1      | Reached XP level 2. HP: 14/14 MP: 3/3
  1464 | D:2      | Reached XP level 3. HP: 17/17 MP: 4/4
  1481 | D:2      | Noticed Natasha
  1489 | D:2      | Killed Natasha
  1489 | D:2      | Reached ** piety under Trog
  1489 | D:2      | Reached skill level 1 in Stealth
  1632 | D:2      | Reached XP level 4. HP: 20/21 MP: 5/5
  1780 | D:2      | Found a stormy altar of Qazlal.
  1842 | D:2      | Found a blossoming altar of Fedhas.
  1873 | D:2      | Noticed Ijyb
  1882 | D:2      | Killed Ijyb
  1882 | D:2      | Reached skill level 4 in Unarmed Combat
  1951 | D:2      | Noticed Natasha
  1968 | D:2      | Killed Natasha
  1968 | D:2      | Reached skill level 5 in Dodging
  1968 | D:2      | Reached XP level 5. HP: 8/25 MP: 6/6
  2357 | D:2      | Found a runed door.
  2361 | D:2      | Noticed Crazy Yiuf
  2370 | D:2      | Killed Crazy Yiuf
  2801 | D:2      | Noticed Robin
  2813 | D:2      | Killed Robin
  2951 | D:2      | Noticed Natasha
  2955 | D:2      | Killed Natasha
  3238 | D:3      | Found a sacrificial altar of Ru.
  3245 | D:3      | Noticed Terence
  3247 | D:3      | Found a snail-covered altar of Cheibriados.
  3254 | D:3      | Killed Terence
  3254 | D:3      | Gained mutation: You are covered in thick fur. (AC +2) [Felid growth]
  3254 | D:3      | Reached XP level 6. HP: 28/28 MP: 7/7
  3489 | D:4      | Found a white marble altar of Elyvilon.
  3521 | D:4      | Reached skill level 5 in Unarmed Combat
  3531 | D:4      | Found Gisarykid's Antique Weapon Boutique.
  3557 | D:3      | Noticed Jessica
  3578 | D:3      | Killed Jessica
  3645 | D:3      | Found a shadowy altar of Dithmenos.
  3756 | D:3      | HP: 1/28 [orc wizard/dagger (1)]
  4379 | D:4      | Found Xaulylef's Jewellery Emporium.
  4467 | D:4      | Found Jamiex's Magic Scroll Shop.
  4470 | D:4      | Bought a scroll of teleportation for 42 gold pieces
  4470 | D:4      | Bought a scroll of immolation for 49 gold pieces
  4470 | D:4      | Bought a scroll of fog for 28 gold pieces
  4470 | D:4      | Bought a scroll of identify for 28 gold pieces
  4470 | D:4      | Bought a scroll of identify for 28 gold pieces
  4500 | D:4      | Reached XP level 7. HP: 32/32 MP: 8/8
  4675 | D:4      | Found a radiant altar of Vehumet.
  4690 | D:4      | Reached *** piety under Trog
  4690 | D:4      | Reached skill level 5 in Stealth
  4771 | D:4      | Found Feqirel's Weapon Shoppe.
  4798 | D:4      | Found a sparkling altar of Nemelex Xobeh.
  4803 | D:4      | Found Qiuli's Distillery.
  4809 | D:4      | Bought a potion of curing for 30 gold pieces
  4835 | D:4      | Found a radiant altar of Vehumet.
  4836 | D:4      | Found a burning altar of Makhleb.
  5161 | D:4      | Reached skill level 6 in Unarmed Combat
  5242 | D:5      | Entered Level 5 of the Dungeon
  5291 | D:5      | Slain by an ice beast
  5292 | D:5      | Reached XP level 6. HP: -4/42 MP: 7/7
  5454 | D:5      | Noticed Dowan
  5456 | D:5      | Noticed Duvessa
  5463 | D:5      | Killed Duvessa
  5469 | D:5      | Killed Dowan
  5469 | D:5      | Reached XP level 7. HP: 32/32 MP: 8/8
  6274 | D:6      | Reached skill level 7 in Unarmed Combat
  6304 | D:6      | Noticed Goboxel's ghost (novice HEAE)
  6322 | D:6      | Noticed Edmund
  6337 | D:6      | Killed Edmund
  6366 | D:6      | Slain by Goboxel's ghost
  6367 | D:6      | Reached XP level 6. HP: -4/29 MP: 7/7
  6431 | D:6      | Reached XP level 7. HP: 33/33 MP: 8/8
  6465 | D:6      | Killed Goboxel's ghost
  6465 | D:6      | Reached skill level 8 in Unarmed Combat
  6927 | D:6      | Reached XP level 8. HP: 19/36 MP: 9/9
  7287 | D:6      | Found a staircase to the Ecumenical Temple.
  7532 | D:7      | Noticed letownia's ghost (novice MiHu)
  7548 | D:7      | Killed letownia's ghost
  7548 | D:7      | Reached skill level 9 in Unarmed Combat
  7627 | D:7      | Reached XP level 9. HP: 39/39 MP: 10/10
  7698 | D:7      | Found Ariulum's Jewellery Emporium.
  7802 | D:7      | Reached skill level 10 in Unarmed Combat
  8046 | D:7      | Found a glowing golden altar of the Shining One.
  8115 | D:7      | Found an opulent altar of Gozag.
  8521 | D:7      | Found an iron altar of Okawaru.
  8602 | D:8      | Found a basalt altar of Yredelemnul.
  9107 | D:8      | Found a hide-covered altar of Uskayaw.
  9110 | D:8      | Found a deep blue altar of Sif Muna.
  9110 | D:8      | Found a bloodstained altar of Trog.
  9113 | D:8      | Reached **** piety under Trog
  9115 | D:8      | Found a shimmering altar of Xom.
  9152 | D:8      | Reached skill level 11 in Unarmed Combat
  9966 | D:8      | Reached XP level 10. HP: 23/43 MP: 11/11
  9975 | D:8      | Reached skill level 5 in Fighting
 10058 | D:8      | Noticed a three-headed hydra
 10061 | D:8      | Killed a three-headed hydra
 10061 | D:8      | Reached skill level 10 in Dodging
 10061 | D:8      | Reached skill level 12 in Unarmed Combat
 10338 | D:9      | Reached skill level 10 in Stealth
 10956 | D:9      | Noticed Erolcha
 10964 | D:9      | Killed Erolcha
 11379 | Temple   | Entered the Ecumenical Temple
 11414 | Temple   | Gained mutation: Your muscles are strong. (Str +2) [potion of mutation]
 11414 | Temple   | Lost mutation: Your muscles are strong. (Str +2) [potion of mutation]
 11414 | Temple   | Gained mutation: You have a pair of small antennae on your head. [potion of mutation]
 11527 | D:10     | Entered Level 10 of the Dungeon
 11563 | D:10     | Reached XP level 11. HP: 48/48 MP: 12/12
 12265 | D:10     | HP: 1/48 [centaur/arrow (12)]
 12266 | D:10     | Slain by a centaur
 12267 | D:10     | Reached XP level 10. HP: 0/44 MP: 11/11
 12505 | D:10     | Reached skill level 13 in Unarmed Combat
 12602 | D:10     | Reached ***** piety under Trog
 12757 | D:10     | Found a staircase to the Orcish Mines.
 13093 | D:10     | Found a portal to a secret trove of treasure.
 13411 | D:6      | Noticed Grinder
 13426 | D:6      | Killed Grinder
 13524 | D:4      | Bought a potion of flight for 30 gold pieces
 13524 | D:4      | Bought a potion of curing for 30 gold pieces
 13524 | D:4      | Bought a potion of heal wounds for 50 gold pieces
 13524 | D:4      | Bought a potion of lignification for 30 gold pieces
 13524 | D:4      | Bought a potion of might for 40 gold pieces
 13524 | D:4      | Bought a potion of brilliance for 40 gold pieces
 13689 | D:10     | Noticed a hill giant
 13696 | D:10     | Killed a hill giant
 13696 | D:10     | Reached skill level 14 in Unarmed Combat
 13696 | D:10     | Reached XP level 11. HP: 48/48 MP: 12/12
 14066 | Orc:1    | Entered Level 1 of the Orcish Mines
 14066 | Orc:1    | Found a roughly hewn altar of Beogh.
 14098 | Orc:1    | Noticed send's ghost (journeyman HOBe)
 14119 | Orc:1    | HP: 2/48 [send's ghost (8)]
 14119 | Orc:1    | Slain by send's ghost

Skill      XL: |  1  2  3  4  5  6  7  8  9 10 |
---------------+-------------------------------+-----
Stealth        | 1 3 4 8 9 11 | 11.9
Unarmed Combat | 4 5 8 9 11 14 | 14.1
Dodging        | 5 7 8 9 10 | 10.9
Fighting       | 4 5 |  5.4

Action                   |  1- 3 |  4- 6 |  7- 9 | 10-12 || total
-------------------------+-------+-------+-------+-------++-------
Melee: Unarmed           |    70 |   211 |   390 |   334 ||  1005
       Bite              |    10 |    21 |    42 |    52 ||   125
       Punch             |       |     6 |    15 |    20 ||    41
Invok: Berserk           |     1 |    12 |     9 |    11 ||    33
       Trog's Hand       |       |    12 |    12 |    11 ||    35
       Burn Spellbooks   |       |       |       |     1 ||     1
  Use: Potion            |       |     3 |     5 |     1 ||     9
       Scroll            |       |     4 |     6 |     5 ||    15
 Stab: Sleeping          |     6 |    11 |    15 |    22 ||    54
       Distracted        |       |     1 |       |     3 ||     4
  Eat: Chunk             |     9 |    26 |    24 |    32 ||    91
Armor: Skin              |     2 |    12 |    20 |    13 ||    47
Dodge: Dodged            |    48 |   187 |   350 |   211 ||   796
